Map: Frozen Temple

Players

llllllllllll - Winner!

  • Race: Protoss Protoss
  • League: Diamond

Zeffe

  • Race: Zerg Zerg
  • League: Diamond

VOD

Have the link to the VOD?

Description

Time

  • Played on: July 20, 2016, 10:08 p.m.
  • Length: 20:54
Show
View Real Time Build Order
Export as new Build Order

llllllllllll Protoss - Winner!

Build Orders: 1 Gate Expand 

Get SALT Encoding   

  12  0:02  Probe (Chrono Boost)  
  13  0:12  Probe (Chrono Boost)  
  14  0:23  Probe (Chrono Boost)  
  14  0:28  Pylon  
  15  0:46  Probe (Chrono Boost)  
  16  0:50  Gateway  
  17  0:57  Probe (Chrono Boost)  
  17  1:00  Assimilator  
  17  1:05  Assimilator  
  17  1:07  Probe (Chrono Boost)  
  18  1:18  Probe (Chrono Boost)  
  19  1:28  Probe (Chrono Boost)  
  20  1:37  Nexus  
  20  1:45  Cybernetics Core  
  20  1:50  Probe (Chrono Boost)  
  21  1:57  Pylon  
  21  2:01  Probe (Chrono Boost)  
  22  2:11  Probe (Chrono Boost)  
  23  2:22  Stalker  
  26  2:26  Mothership Core (Chrono Boost)  
  27  2:31  Protoss Air Weapons Level 1  
  27  2:37  Pylon  
  27  2:44  Probe (Chrono Boost)  
  28  2:57  Probe x2 (Chrono Boost)  
  30  3:02  Stargate  
  30  3:09  Assimilator  
  30  3:11  Assimilator  
  30  3:18  Pylon  
  30  3:21  Probe x2 (Chrono Boost)  
  32  3:27  Stargate  
  32  3:40  Stargate  
  32  3:41  Probe (Chrono Boost)  
  33  3:47  Probe (Chrono Boost)  
  34  3:51  Probe (Chrono Boost)  
  35  4:00  Forge  
  35  4:01  Pylon  
  36  4:02  Probe (Chrono Boost)  
  36  4:16  Probe (Chrono Boost)  
  36  4:17  Probe (Chrono Boost)  
  38  4:20  Oracle  
  38  4:24  Oracle  
  41  4:29  Oracle, Probe (Chrono Boost)  
  48  4:40  Probe (Chrono Boost)  
  48  4:41  Probe (Chrono Boost)  
  50  4:52  Probe (Chrono Boost)  
  51  4:56  Oracle  
  51  4:57  Protoss Air Armor Level 1  
  51  4:59  Oracle, Probe (Chrono Boost)  
  38  5:39  Photon Cannon  
  38  5:40  Photon Cannon  
  36  5:44  Void Ray  
  40  5:51  Pylon  
  37  6:30  Probe (Chrono Boost)  
  37  6:31  Probe (Chrono Boost)  
  39  6:36  Void Ray  
  43  6:41  Probe (Chrono Boost)  
  43  6:43  Probe (Chrono Boost)  
  45  6:48  Photon Cannon  
  45  6:51  Probe (Chrono Boost)  
  47  6:55  Probe (Chrono Boost)  
  41  7:13  Pylon, Probe (Chrono Boost)  
  41  7:15  Probe (Chrono Boost)  
  43  7:23  Pylon  
  43  7:24  Probe (Chrono Boost)  
  43  7:27  Probe (Chrono Boost)  
  45  7:34  Probe (Chrono Boost)  
  46  7:39  Probe (Chrono Boost)  
  47  7:45  Probe (Chrono Boost)  
  47  7:47  Void Ray  
  53  7:51  Probe (Chrono Boost)  
  53  8:07  Probe (Chrono Boost)  
  53  8:10  Probe (Chrono Boost)  
  55  8:19  Probe (Chrono Boost)  
  56  8:21  Probe (Chrono Boost)  
  56  8:25  Photon Cannon  
  57  8:31  Probe x2 (Chrono Boost), Photon Cannon  
  57  8:32  Pylon  
  59  8:42  Void Ray  
  64  8:48  Probe (Chrono Boost)  
  64  8:50  Probe (Chrono Boost)  
  65  9:28  Void Ray x3  
  77  9:53  Gateway  
  77  9:54  Pylon  
  77  9:55  Pylon  
  77  10:02  Nexus  
  77  10:07  Probe (Chrono Boost)  
  77  10:12  Void Ray  
  83  10:14  Probe (Chrono Boost)  
  83  10:16  Pylon  
  83  10:18  Probe (Chrono Boost)  
  84  10:26  Probe (Chrono Boost)  
  84  10:27  Void Ray  
  88  10:37  Photon Cannon  
  88  10:43  Photon Cannon  
  88  10:47  Pylon  
  88  11:00  Void Ray x2  
  96  11:06  Photon Cannon  
  90  11:43  Assimilator  
  90  11:45  Assimilator  
  90  11:47  Fleet Beacon  
  90  11:51  Oracle x2  
  96  12:03  Oracle  
  99  12:14  Probe (Chrono Boost)  
  100  12:16  Pylon  
  100  12:25  Probe (Chrono Boost)  
  101  12:41  Oracle  
  101  12:42  Oracle  
  107  12:44  Oracle  
  110  12:55  Nexus  
  110  12:57  Pylon  
  110  13:00  Pylon  
  110  13:15  Probe (Chrono Boost)  
  110  13:17  Oracle  
  114  13:22  Oracle  
  114  13:23  Oracle  
  114  13:25  Photon Cannon  
  114  13:27  Photon Cannon  
  120  13:29  Photon Cannon  
  120  13:32  Photon Cannon  
  120  13:36  Pylon  
  120  13:42  Assimilator  
  120  13:44  Assimilator  
  120  13:48  Photon Cannon  
  120  13:49  Pylon  
  120  13:52  Oracle  
  123  14:18  Oracle x2  
  120  15:11  Carrier x3  
  139  15:50  Probe (Chrono Boost)  
  139  15:51  Probe (Chrono Boost)  
  139  15:55  Stargate  
  140  16:00  Stargate, Probe (Chrono Boost)  
  140  16:01  Probe (Chrono Boost)  
  142  16:26  Graviton Catapult  
  142  16:36  Carrier x2  
  93  17:12  Carrier  
  93  17:13  Carrier  
  93  17:28  Probe (Chrono Boost)  
  93  17:29  Probe (Chrono Boost)  
  95  17:34  Probe (Chrono Boost)  
  96  17:38  Probe (Chrono Boost)  
  96  17:40  Probe (Chrono Boost)  
  98  17:46  Probe (Chrono Boost)  
  98  17:50  Probe (Chrono Boost)  
  106  17:54  Carrier  
  106  17:58  Probe (Chrono Boost)  
  107  17:59  Carrier  
  119  18:09  Carrier  
  119  18:15  Probe (Chrono Boost)  
  119  18:17  Probe (Chrono Boost)  
  127  18:29  Probe (Chrono Boost)  
  128  18:41  Nexus  
  128  18:42  Pylon  
  128  18:45  Carrier, Pylon  
  134  19:21  Oracle  
  133  19:47  Void Ray  
  133  19:48  Void Ray  
  133  19:51  Void Ray  
  133  19:53  Void Ray  
  149  20:06  Void Ray  
  150  20:33  Probe (Chrono Boost)  
  150  20:34  Photon Cannon  
  163  20:35  Photon Cannon  
  163  20:37  Photon Cannon  
  163  20:39  Photon Cannon  
  167  20:43  Probe (Chrono Boost)  
  167  20:44  Assimilator  
  167  20:47  Assimilator  
Show
View Real Time Build Order
Export as new Build Order

Zeffe Zerg 

Build Orders: Hatch First 

Get SALT Encoding   

  12  0:01  Drone  
  13  0:13  Overlord  
  13  0:18  Drone  
  14  0:24  Extractor  
  14  0:26  Drone  
  15  0:35  Drone x2  
  17  0:58  Drone  
  17  1:00  Hatchery  
  17  1:04  Drone  
  18  1:15  Spawning Pool  
  18  1:17  Drone  
  18  1:20  Extractor  
  18  1:22  Drone  
  18  1:28  Drone  
  19  1:41  Drone  
  20  1:50  Overlord  
  20  2:01  Queen  
  22  2:09  Zergling x2  
  22  2:12  Queen  
  22  2:14  Drone x2  
  27  2:27  Metabolic Boost  
  27  2:30  Drone x2  
  29  2:42  Drone x2  
  31  2:54  Overlord  
  31  3:02  Overlord x2  
  31  3:04  Pneumatized Carapace  
  31  3:08  Hatchery, Drone x3  
  33  3:33  Queen  
  35  3:38  Baneling Nest  
  35  3:40  Evolution Chamber  
  33  3:41  Drone  
  33  3:42  Drone x7  
  41  4:00  Zergling x10  
  46  4:13  Overlord x2  
  46  4:29  Overlord  
  46  4:32  Zerg Melee Weapons Level 1  
  46  4:35  Spore Crawler  
  46  4:37  Drone x6, Spore Crawler  
  46  4:38  Drone  
  51  4:40  Baneling x2  
  51  4:41  Baneling x2  
  51  5:03  Zergling x2  
  51  5:04  Zergling x22  
  62  5:31  Zergling x2  
  62  5:38  Zergling x18  
  71  5:50  Hatchery, Roach Warren  
  71  5:51  Zergling x6  
  71  5:52  Extractor, Baneling x4  
  71  5:53  Baneling  
  71  5:58  Zergling x2  
  71  6:02  Spine Crawler  
  71  6:07  Spore Crawler  
  70  6:11  Spore Crawler  
  70  6:12  Spore Crawler  
  70  6:14  Spore Crawler  
  65  6:23  Spore Crawler  
  65  6:25  Spore Crawler  
  63  6:26  Spore Crawler  
  63  6:27  Spore Crawler  
  63  6:32  Baneling x4  
  61  6:40  Hatchery  
  39  7:02  Zergling x8  
  39  7:03  Zergling x16  
  39  7:04  Zergling x2  
  39  7:08  Drone  
  44  7:13  Drone x2  
  46  7:16  Zergling x2  
  47  7:37  Extractor  
  47  7:38  Extractor  
  47  7:43  Drone x2  
  47  7:44  Drone x4  
  51  7:51  Drone x3  
  54  7:55  Zergling x6  
  54  7:56  Zergling x2  
  58  8:09  Drone x2  
  60  8:15  Hatchery  
  54  8:29  Zergling x12  
  54  8:33  Extractor  
  59  8:34  Extractor  
  59  8:36  Drone x10  
  68  8:57  Lair  
  68  9:05  Baneling  
  68  9:06  Baneling x12  
  52  9:26  Spore Crawler x2  
  52  9:27  Spore Crawler  
  47  9:33  Drone x2  
  47  9:34  Drone x4  
  44  9:57  Queen  
  44  9:58  Queen x2  
  50  10:03  Spore Crawler  
  50  10:04  Spore Crawler  
  48  10:21  Hydralisk Den  
  47  10:40  Queen x2  
  47  10:42  Queen  
  53  10:53  Muscular Augments  
  53  10:54  Hydralisk x6  
  53  10:55  Hydralisk  
  67  11:13  Hatchery  
  52  11:36  Hydralisk x2  
  52  11:37  Hydralisk x3  
  62  11:54  Hydralisk x2  
  62  11:55  Hydralisk  
  64  12:11  Hydralisk x3  
  64  12:12  Hydralisk  
  72  12:17  Drone  
  73  13:05  Overlord x2  
  73  13:21  Hatchery  
  73  13:23  Overlord, Queen x3  
  73  13:24  Overlord  
  78  13:33  Infestation Pit  
  77  13:49  Drone  
  77  13:50  Drone x7  
  85  13:58  Queen  
  86  14:19  Hive  
  86  14:22  Hatchery  
  85  14:24  Drone x2  
  87  14:40  Drone  
  87  14:41  Drone x6  
  94  14:47  Pathogen Glands  
  92  15:12  Spore Crawler  
  91  15:41  Infestor x3  
  97  15:44  Viper x2  
  97  15:46  Infestor  
  97  15:47  Overlord x5  
  105  15:55  Overlord x3  
  105  16:13  Infestor x3  
  105  16:14  Infestor  
  105  16:17  Hatchery  
  60  17:19  Hatchery  
  60  17:20  Drone  
  60  17:21  Drone x5  
  65  17:30  Infestor  
  67  17:39  Drone x2  
  69  17:59  Lair  
  69  18:09  Infestor x2  
  69  18:10  Infestor x4  
  81  18:20  Drone x2, Spore Crawler  
  81  18:21  Drone x5, Spore Crawler x2  
  85  18:46  Drone  
  85  18:47  Drone x6  
  92  19:00  Hydralisk Den  
  92  19:01  Hive  
  91  19:04  Extractor x2  
  86  19:44  Hydralisk x4  
  86  19:45  Hydralisk x7  
  98  19:46  Hydralisk x5  
  98  19:49  Overlord  
  98  19:52  Drone  
  119  19:53  Hatchery  
Tags
 
Add a new tag
Caveats
  • Supply blocks, unpowered buildings, or Contaminate may cause inaccurate times.
  • Supply counts are checked every 10 seconds.